 Dungeon Crawl Stone Soup version 0.30-a0-847-g17996783a1 (webtiles) character file.

Game seed: 6058609429635931183

2095 runemasterragnar the Geomancer (level 9, 0/79 HPs)
             Began as a Gargoyle Earth Elementalist on Mar 4, 2023.
             Was a Believer of Vehumet.
             Slain by an orc knight
             ... wielding a +4 broad axe
              (20 damage)
             ... in a bailey.
             The game lasted 00:13:53 (6746 turns).

runemasterragnar the Geomancer (GrEE)               Turns: 6746, Time: 00:13:53

Health: 0/79       AC: 16    Str: 13    XL:     9   Next: 27%
Magic:  4/15       EV: 11    Int: 19    God:    Vehumet [**....]
Gold:   219        SH:  0    Dex: 10    Spells: 3/17 levels left

rFire   . . .      SeeInvis .    n - +5 war axe
rCold   . . .      Faith    .    (no shield)
rNeg    + . .      Spirit   .    a - +0 robe
rPois   ∞          Reflect  .    L - +2 helmet
rElec   +          Rampage  .    p - +0 cloak {Stlth+}
rCorr   .                        (no gloves)
Will    .....                    (no boots) Stlth
                                 w - amulet of magic regeneration
HPRegen 0.33/turn                j - ring of wizardry
MPRegen 0.54/turn                l - +4 ring of protection

@: berserking, liquefying, slowed movement, quick
A: sickness immunity, AC +6, negative energy resistance 1, electricity
resistance, torment resistance 1, petrification resistance
a: Renounce Religion


You were in a bailey.
You worshipped Vehumet.
Vehumet was pleased with you.
You visited 2 branches of the dungeon, and saw 8 of its levels.
You also visited: Bailey.

You collected 359 gold pieces.
You spent 140 gold pieces at shops.

Inventory:

Hand Weapons
 n - a +5 war axe (weapon)
Armour
 a - a +0 robe (worn)
 p - a +0 cloak of stealth (worn)
 L - a +2 helmet (worn)
Jewellery
 j - a ring of wizardry (left hand)
 l - a +4 ring of protection (right hand)
 w - an amulet of magic regeneration (around neck)
Wands
 c - a wand of digging (15)
 d - a wand of flame (22)
 z - a wand of iceblast (6)
Scrolls
 e - 2 scrolls of fear
 g - 3 scrolls of poison
 k - 2 scrolls of enchant armour
 o - 2 scrolls of vulnerability
 r - 3 scrolls of blinking
 u - 5 scrolls of teleportation
 v - 2 scrolls of immolation
Potions
 b - a potion of magic
 f - 3 potions of brilliance
 h - a potion of haste
 i - 4 potions of mutation
 x - a potion of flight {unknown}
 C - 4 potions of resistance
 D - 2 potions of attraction {unknown}
 E - a potion of invisibility


   Skills:
 + Level 4.8 Fighting
 - Level 1.5 Dodging
 - Level 2.1 Stealth
 + Level 4.5 Spellcasting
 + Level 5.7 Conjurations
 * Level 3.1 Hexes
 - Level 3.0 Transmutations
 * Level 8.6 Earth Magic


You had 3 spell levels left.
You knew the following spells:

 Your Spells              Type           Power      Damage    Failure   Level
a - Sandblast             Erth           74%        2d16      1%          1
b - Passwall              Tmut/Erth      21%        N/A       1%          2
c - Stone Arrow           Conj/Erth      62%        3d10      1%          3
d - Petrify               Tmut/Erth      26%        N/A       4%          4
e - Leda's Liquefaction   Hex/Erth       13%        N/A       4%          4

Your spell library contained the following spells:

 Spells                   Type           Power      Damage    Failure   Level
 Scorch                   Fire           8%         2d5       9%          2
 Magic Dart               Conj           100%       1d8       1%          1
 Mephitic Cloud           Conj/Pois/Air  11%        N/A       8%          3
 Call Imp                 Summ           4%         N/A       9%          2
 Portal Projectile        Hex/Tloc       20%        N/A       9%          3
 Call Canine Familiar     Summ           4%         N/A       16%         3


Dungeon Overview and Level Annotations

Branches:
Dungeon (7/15)             Temple (1/1) D:4          Bailey (1/1)

Altars:
Cheibriados
Gozag
Hepliaklqana
Nemelex Xobeh
Qazlal
Sif Muna
Vehumet
Xom
Yredelemnul

Shops:
D:3 ?

Annotations:
D:6 2 runed translucent doors


Innate Abilities, Weirdness & Mutations

You are immune to sickness and miasma.
Your stone body is resilient. (AC +6)
You are immune to poison.
You resist negative energy. (rN+)
You are resistant to electric shocks. (rElec)
You are resistant to unholy torment.
You are immune to petrification.


Message History

Unknown command.
Casting: Stone Arrow (safe; 1% risk of failure)
Confirm with . or Enter, or press ? or * to list all spells.
Okay, then.
Casting: Stone Arrow (safe; 1% risk of failure)
Confirm with . or Enter, or press ? or * to list all spells.
Aiming: Stone Arrow (safe; 1% risk of failure)
Press: ? - help, Shift-Dir - straight line, f/p - orc knight
Aim: an orc knight, wielding a +4 broad axe and wearing a +0 plate armour (heavily wounded, covering ground slowly, 74% to hit)
The stone arrow misses the orc knight.
The stone arrow hits the hobgoblin!
You kill the hobgoblin!
Vehumet accepts your kill.
The orc knight hits you with a +4 broad axe.
Unknown command.
Casting: Stone Arrow (safe; 1% risk of failure)
Confirm with . or Enter, or press ? or * to list all spells.
Aiming: Stone Arrow (safe; 1% risk of failure)
Press: ? - help, Shift-Dir - straight line, f/p - orc knight
Aim: an orc knight, wielding a +4 broad axe and wearing a +0 plate armour (heavily wounded, covering ground slowly, 74% to hit)
The stone arrow hits the orc knight!
The orc knight is almost dead.
The orc knight hits you but does no damage.
Unknown command.
A red film seems to cover your vision as you go berserk!
You feel yourself moving faster!
You feel mighty!
The orc knight hits you but does no damage.
You barely miss the orc knight.
The orc knight is almost dead.
The orc knight hits you with a +4 broad axe!!
You hit the orc knight.
The orc knight is almost dead.
The orc knight hits you with a +4 broad axe!
You barely miss the orc knight.
The orc knight is almost dead.
The orc knight hits you with a +4 broad axe!!
* * * LOW HITPOINT WARNING * * *
You barely miss the orc knight.
The orc knight is almost dead.
The orc knight hits you with a +4 broad axe!!
You die...

o...#.oo)g..# #≈≈≈≈≈#
..).g.8g8.8.# #≈≈≈≈≈#
#########.).######≈≈≈≈≈#
#..)...#.~≈≈≈≈≈#
#..))..#.~≈≈≈≈.######
#####)'#.~≈≈≈≈......#
#...).#.~≈≈≈≈......###
#...).o..............#
#..⌠))'@.........∩..∩#
#.....'..............#
#.....#.~≈≈≈≈......###
#####''#.~≈≈≈≈......#
#......#.~≈≈≈≈.######
#.)....#.~≈≈≈≈≈#
#########.).######≈≈≈≈≈#
....'.8.8)8.# #≈≈≈≈≈#
....#...)...# #≈≈≈≈≈#


You could see an orc knight.

Vanquished Creatures
  Eustachio (D:6)
  A water moccasin (D:7)
  7 orc warriors (Bailey)
  A sky beast (D:6)
  A black bear (D:5)
  2 ogres
  A centaur (D:5)
  A phantom (D:5)
  A bullfrog (D:7)
  2 scorpions
  An electric eel (Bailey)
  A jelly (D:5)
  A hound (D:5)
  An orc priest (D:6)
  2 iguanas
  2 orc wizards
  A gnoll (Bailey)
  9 adders
  A shadow imp (D:6)
  A white imp (D:7)
  An ufetubus (D:6)
  A worm (D:2)
  4 dart slugs
  26 orcs
  6 bats
  6 endoplasms
  6 giant cockroaches
  21 goblins
  16 hobgoblins
  4 jackals (D:1)
  5 kobolds
  4 quokkas
  8 ball pythons
  5 rats
151 creatures vanquished.

Notes
Turn   | Place    | Note
-------+----------+-------------------------------------------
     0 | D:1      | runemasterragnar the Gargoyle Earth Elementalist began the
                  | quest for the Orb.
     0 | D:1      | Reached XP level 1. HP: 10/10 MP: 3/3
   203 | D:1      | Reached skill level 1 in Transmutations
   203 | D:1      | Reached XP level 2. HP: 16/16 MP: 1/5
   301 | D:1      | Learned a level 2 spell: Passwall
   335 | D:1      | Reached skill level 4 in Earth Magic
   497 | D:1      | Reached skill level 1 in Fighting
   580 | D:1      | Reached XP level 3. HP: 19/20 MP: 3/6
   790 | D:1      | Learned a level 3 spell: Stone Arrow
  1735 | D:2      | Reached XP level 4. HP: 25/25 MP: 5/7
  1759 | D:2      | Reached skill level 1 in Conjurations
  2623 | D:3      | Noticed an ogre
  2625 | D:3      | Killed an ogre
  2626 | D:3      | Reached skill level 5 in Earth Magic
  2626 | D:3      | Reached XP level 5. HP: 30/30 MP: 1/9
  2721 | D:3      | Found Icituusu's Magic Scroll Boutique.
  2724 | D:3      | Bought a scroll of noise for 14 gold pieces
  2724 | D:3      | Bought a scroll of teleportation for 42 gold pieces
  2724 | D:3      | Bought a scroll of identify for 28 gold pieces
  2724 | D:3      | Bought a scroll of immolation for 56 gold pieces
  3052 | D:3      | Found an opulent altar of Gozag.
  3055 | D:3      | Found a shimmering altar of Xom.
  3233 | D:3      | Found a stormy altar of Qazlal.
  3236 | D:3      | Noticed a water elemental
  3236 | D:3      | Noticed an air elemental
  3236 | D:3      | Noticed a fire elemental
  3369 | D:4      | Noticed an ogre
  3375 | D:4      | Killed an ogre
  3376 | D:4      | Reached XP level 6. HP: 35/35 MP: 1/10
  3683 | D:4      | Identified the +2 pair of gloves of Dogmatism {Rampage
                  | Str-5 Int+3 Dex+5}
  3760 | D:4      | Found a staircase to the Ecumenical Temple.
  3770 | Temple   | Entered the Ecumenical Temple
  3793 | Temple   | Became a worshipper of Vehumet
  4123 | D:5      | Entered Level 5 of the Dungeon
  4282 | D:5      | Reached XP level 7. HP: 39/40 MP: 5/11
  4287 | D:5      | Learned a level 4 spell: Petrify
  4341 | D:5      | Found a basalt altar of Yredelemnul.
  4363 | D:5      | Reached skill level 6 in Earth Magic
  4574 | D:5      | Found a snail-covered altar of Cheibriados.
  5348 | D:6      | Found a runed translucent door.
  5350 | D:6      | Found a runed translucent door.
  5350 | D:6      | Noticed a vampire mosquito
  5351 | D:6      | Noticed a vampire mosquito
  5527 | D:6      | Reached * piety under Vehumet
  5527 | D:6      | Offered knowledge of Magic Dart by Vehumet.
  5641 | D:6      | Noticed Eustachio
  5645 | D:6      | Killed Eustachio
  5646 | D:6      | Reached skill level 7 in Earth Magic
  5646 | D:6      | Reached XP level 8. HP: 46/46 MP: 4/13
  5815 | D:6      | Learned a level 4 spell: Leda's Liquefaction
  5951 | D:6      | Reached skill level 5 in Conjurations
  6274 | D:7      | Reached skill level 1 in Hexes
  6353 | D:7      | Found a flagged portal.
  6370 | Bailey   | Entered a bailey
  6575 | Bailey   | Reached skill level 8 in Earth Magic
  6576 | Bailey   | Reached XP level 9. HP: 52/52 MP: 9/15
  6579 | Bailey   | Offered knowledge of Scorch by Vehumet.
  6581 | Bailey   | Reached ** piety under Vehumet
  6654 | Bailey   | Noticed an orc high priest
  6704 | Bailey   | Noticed an orc knight
  6746 | Bailey   | Slain by an orc knight

Illustrated notes

Levels and vault maps discovered:
D:1:      psy_arrival_wood_between_worlds, layout_basic,
          chequers_serial_rivers_micro_e
D:2:      layout_basic
D:3:      layout_basic, nicolae_qazlal_style_of_elements,
          chequers_temple_overflow_statue_of_worship, serial_shops,
          nicolae_shop_behind_doors, chequers_arboretum
D:4:      kennysheep_big_flooded_room, layout_basic, temple_fountains
D:5:      layout_basic, old_standard_altar, mainiacjoe_overflow_alcove_2,
          kennysheep_generic_room_6
D:6:      lemuel_insect_pit, layout_loops_corners, uniq_eustachio
D:7:      layout_rooms, enter_bailey_5
Temple:   jpeg_temple_clearing
Bailey:   bailey_axe_of_yendor_kennysheep, bailey

Skill      XL: |  1  2  3  4  5  6  7  8  9 |
---------------+----------------------------+-----
Transmutations | 1 2 3 |  3.0
Earth Magic    | 4 5 7 8 |  8.6
Fighting       | 1 2 3 4 |  4.8
Conjurations   | 2 3 4 5 |  5.7
Spellcasting   | 3 4 |  4.5
Hexes          | 2 3 |  3.1
Dodging        | |  1.5
Stealth        | |  2.1

Action                     |  1- 3 |  4- 6 |  7- 9 || total
---------------------------+-------+-------+-------++-------
  Melee: Mace              |       |       |    11 ||    11
         Great mace        |       |       |    11 ||    11
         War axe           |       |       |    28 ||    28
   Cast: Sandblast         |    49 |    69 |    55 ||   173
         Stone Arrow       |       |     6 |    38 ||    44
         Leda's Liquefacti |       |       |     1 ||     1
  Evoke: Wand              |       |       |    10 ||    10
    Use: Scroll            |       |     7 |    11 ||    18
         Potion            |       |       |     1 ||     1
 Armour: Robe              |    11 |    11 |    61 ||    83
  Dodge: Dodged            |    15 |    17 |    52 ||    84

Table legend: (Time is in decaauts)
 A = Elapsed time spent in this place.
 B = Non-inter-level travel time spent in this place.
 C = Inter-level travel time spent in this place.
 D = Time resting spent in this place.
 E = Time spent auto-exploring this place.
 F = Levels seen in this place.
 G = Mean time per level.
                   A        B        C        D        E       F      G
               +--------+--------+--------+--------+--------+-----+--------+
         Total |   6854 |   6692 |    162 |    642 |   4980 |   9 |  761.6 |
       Dungeon |   6421 |   6278 |    143 |    528 |   4897 |   7 |  917.3 |
        Temple |     43 |     24 |     19 |      0 |     13 |   1 |   43.0 |
        Bailey |    388 |    388 |      0 |    114 |     70 |   1 |  388.0 |
               +--------+--------+--------+--------+--------+-----+--------+

Top non-repeatable levels by time:
     D:1: 1636 daAuts
     D:5: 1128 daAuts
     D:6: 1040 daAuts
     D:2: 932 daAuts
     D:3: 839 daAuts
     D:4: 723 daAuts
  Bailey: 388 daAuts
     D:7: 121 daAuts
  Temple: 43 daAuts
